 Seeded DCSS version 0.30-a0-377-g5cb311bc9f (webtiles) character file.

Game seed: 19644691 (custom seed)

14 McGhostyFace the Charlatan (level 2, 0/23 HPs)
             Began as a Gnoll Wanderer on Nov 27, 2022.
             Succumbed to an adder's poison
             ... on level 2 of the Dungeon.
             The game lasted 00:01:13 (166 turns).

McGhostyFace the Charlatan (Gnoll Wanderer)          Turns: 166, Time: 00:01:14

Health: 0/23       AC:  3    Str: 12    XL:     2   Next: 41%
Magic:  2/2        EV: 11    Int:  9    God:
Gold:   34         SH:  0    Dex: 12    Spells: 1/1 levels left

rFire   . . .      SeeInvis .    b - +0 spear
rCold   . . .      Faith    .    f - orb {mayhem}
rNeg    . . .      Spirit   .    e - +0 leather armour
rPois   .          Reflect  .    (no helmet)
rElec   .          Harm     .    (no cloak)
rCorr   .          Rampage  .    (no gloves)
Will    .....                    (no boots)
Stlth   ++........               (no amulet)
HPRegen 0.23/turn                (no ring)
MPRegen 0.08/turn                (no ring)

@: lethally poisoned (0 -> -1)
A: fangs 1, strong nose, distributed training
a: no special abilities


You were on level 2 of the Dungeon.
You visited 1 branch of the dungeon, and saw 2 of its levels.

You collected 34 gold pieces.

Inventory:

Hand Weapons
 a - a +2 sling
 b - a +0 spear (weapon)
Armour
 e - a +0 leather armour (worn)
 f - an orb of mayhem (worn)
Potions
 d - a potion of lignification


   Skills:
 + Level 2.5 Fighting
 + Level 0.4 Short Blades
 + Level 0.4 Long Blades
 + Level 0.4 Axes
 + Level 0.4 Maces & Flails
 + Level 2.5 Polearms
 + Level 0.4 Staves
 + Level 6.5 Ranged Weapons
 + Level 0.4 Throwing
 + Level 2.5 Armour
 + Level 0.4 Dodging
 + Level 2.2 Stealth
 + Level 0.4 Shields
 + Level 0.4 Unarmed Combat
 + Level 0.4 Spellcasting
 + Level 0.2 Conjurations
 + Level 0.2 Hexes
 + Level 0.2 Summonings
 + Level 0.2 Necromancy
 + Level 0.2 Translocations
 + Level 0.2 Transmutations
 + Level 0.2 Fire Magic
 + Level 0.2 Ice Magic
 + Level 0.2 Air Magic
 + Level 0.2 Earth Magic
 + Level 0.2 Poison Magic
 + Level 0.5 Invocations
 + Level 6.5 Evocations


You had one spell level left.
You didn't know any spells.
Your spell library was empty.

Dungeon Overview and Level Annotations

Branches:
Dungeon (1/15)

Altars:


Innate Abilities, Weirdness & Mutations

You have very sharp teeth.
Your uncanny sense of smell can sniff out nearby items.
Your experience applies equally to all skills.


Message History

The adder poisons you! The adder closely misses you.
Unknown command.
Aiming: Polymorph
Press: ? - help, Q - select action, (/) - cycle Shift-Dir - straight line, f/p - adder
Aim: an adder (severely wounded, fast, strong, frenzied and insane, will become an acid dragon, a jelly, or a bat, chance to affect: 72%)
The adder struggles to resist.
* * * LOW HITPOINT WARNING * * *
You feel sick. The adder barely misses you. x2
Unknown command.
Aiming: Polymorph
Press: ? - help, Q - select action, (/) - cycle Shift-Dir - straight line, f/p - adder
Aim: an adder (severely wounded, fast, strong, frenzied and insane, will become an acid dragon, a jelly, or a bat, chance to affect: 72%)
The adder evaporates and reforms as a jelly!
* * * LOW HITPOINT WARNING * * *
You feel sick.
The jelly hits the goblin.
The goblin is splashed with acid.
The acid corrodes the goblin!
The goblin dies!
Aiming: Polymorph
Press: ? - help, Q - select action, (/) - cycle Shift-Dir - straight line, f/p - jelly
Aim: a jelly (moderately wounded, frenzied and insane, unaware, will become a killer bee, a fire bat, or a bat, chance to affect: 72%)
The jelly evaporates and reforms as a bat!
* * * LOW HITPOINT WARNING * * *
You feel sick. The bat hits you but does no damage.
Aiming: Polymorph
Press: ? - help, Q - select action, (/) - cycle Shift-Dir - straight line, f/p - bat
Aim: a bat (moderately wounded, frenzied and insane, will become a killer bee, a tengu, or an acid dragon, chance to affect: 79%)
The bat evaporates and reforms as an acid dragon!
The now-empty wand crumbles to dust.
* * * LOW HITPOINT WARNING * * *
You feel sick.
The acid dragon roars!
Unknown command.
Unknown command.
Unknown command.
Unknown command.
Unknown command.
Unknown command.
b - a +0 spear (weapon)
You barely miss the acid dragon.
You die...

## #..######
#.....######
#........#####
##..####.....#
##..#######...#
##..# ###.#
##.##### .#
#..@D.# #
#####)# ∆ #)).
..##.. ... ...
.#.# .. ##.# .
#..


You could see a neutral acid dragon (insane).

Vanquished Creatures
  A goblin (D:2)
  A hobgoblin (D:1)
  4 bats (D:1)
  2 frilled lizards (D:1)
  A rat (D:1)
9 creatures vanquished.

Vanquished Creatures (collateral kills)
  A ball python (D:2)
  2 goblins (D:2)
  A hobgoblin (D:1)
  A bat (D:1)
5 creatures vanquished.

Grand Total: 14 creatures vanquished

Notes
Turn   | Place    | Note
-------+----------+-------------------------------------------
     0 | D:1      | McGhostyFace the Gnoll Wanderer began the quest for the
                  | Orb.
     0 | D:1      | McGhostyFace set off with the following items: a +2 sling,
                  | a +0 spear, a wand of polymorph (4), a potion of
                  | lignification, a +0 leather armour.
     0 | D:1      | Reached XP level 1. HP: 17/17 MP: 1/1
    77 | D:1      | Reached XP level 2. HP: 16/23 MP: 2/2
   127 | D:1      | You fall into a shaft and drop 1 floor!
   164 | D:2      | a bat changed into an acid dragon
   164 | D:2      | Noticed an acid dragon
   164 | D:2      | HP: 1/23 [poisoned by an adder]
   166 | D:2      | Succumbed to an adder's poison

Illustrated notes

Levels and vault maps discovered:
D:1:      dpeg_arrival_rooms_c, layout_basic, minmay_pentomino_w2
D:2:      layout_rooms

Action                   || total
-------------------------++-------
Melee: Spear             ||     1
 Fire: Sling             ||    33
Evoke: Wand              ||     4
Armor: Leather armour    ||    10
Dodge: Dodged            ||    17

Table legend: (Time is in decaauts)
 A = Elapsed time spent in this place.
 B = Non-inter-level travel time spent in this place.
 C = Inter-level travel time spent in this place.
 D = Time resting spent in this place.
 E = Time spent auto-exploring this place.
 F = Levels seen in this place.
 G = Mean time per level.
                   A        B        C        D        E       F      G
               +--------+--------+--------+--------+--------+-----+--------+
         Total |    169 |    169 |      0 |      0 |    108 |   2 |   84.5 |
       Dungeon |    169 |    169 |      0 |      0 |    108 |   2 |   84.5 |
               +--------+--------+--------+--------+--------+-----+--------+

Top non-repeatable levels by time:
     D:1: 129 daAuts
     D:2: 39 daAuts
